 Dungeon Crawl Stone Soup version 0.20.1-1-g8b1a95d (webtiles) character file.

46 Mitsuki the Covered (level 3, -3/34 HPs)
             Began as a Deep Dwarf Fighter on Sept 11, 2017.
             Slain by Sigmund
             ... wielding a +0 scythe
              (8 damage)
             ... on level 2 of the Dungeon.
             The game lasted 00:02:59 (546 turns).

Mitsuki the Covered (Deep Dwarf Fighter)             Turns: 546, Time: 00:02:59

Health: -3/34      AC: 13    Str: 20    XL:     3   Next: 46%
Magic:  3/3        EV:  7    Int:  8    God:
Gold:   93         SH:  9    Dex: 12    Spells: 2/2 levels left

rFire    . . .     SeeInvis .   a - +0 war axe
rCold    . . .     Gourm    .   c - +0 shield
rNeg     . . .     Faith    .   b - +0 scale mail
rPois    .         Spirit   .   (no helmet)
rElec    .         Reflect  .   (no cloak)
rCorr    .         Harm     .   m - +0 pair of gloves
MR       .....                  (no boots)
Stlth    ..........             (no amulet)
Regen    0.0/turn               e - +5 ring of protection
MPRegen  0.1/turn               (no ring)

@: non-regenerating
A: damage resistance, heal wounds, sense surroundings 1, no regeneration
a: Heal Wounds


You were on level 2 of the Dungeon.
You were not hungry.

You visited 1 branch of the dungeon, and saw 2 of its levels.

You collected 93 gold pieces.

Inventory:

Hand Weapons
 a - a +0 war axe (weapon)
Armour
 b - a +0 scale mail (worn)
 c - a +0 shield (worn)
 m - a +0 pair of gloves (worn)
Jewellery
 e - a +5 ring of protection (left hand)
Scrolls
 h - 2 scrolls of magic mapping {unknown}
 i - 3 scrolls of recharging {unknown}
 j - a scroll of teleportation {unknown}
 l - a scroll of random uselessness {unknown}
Potions
 d - a potion of might
 k - a potion of heal wounds {unknown}
 n - a potion of lignification {unknown}
Comestibles
 f - 2 bread rations
 g - 3 royal jellies


   Skills:
 + Level 3.0 Fighting
 + Level 2.9 Axes
 + Level 4.0 Armour
 + Level 3.7 Shields


You had 2 spell levels left.
You didn't know any spells.

Dungeon Overview and Level Annotations

Branches:
Dungeon (2/15)

Altars:
Gozag

Shops:
D:2 *

Annotations:
D:2 Sigmund


Innate Abilities, Weirdness & Mutations

You are resistant to damage.
You can heal yourself by infusing magical energy.
You passively map a small area around you.
You do not regenerate.


Message History

You miss something. Something hits you.
* * * LOW HITPOINT WARNING * * *
Your shield prevents you from hitting something.
Something hits you.
* * * LOW HITPOINT WARNING * * *
You miss something. Something hits you but does no damage.
You closely miss something.
You hear some strange, mumbled words.
A magic dart appears from out of thin air!
The magic dart hits you!
* * * LOW HITPOINT WARNING * * *
You hear some strange, mumbled words.
Something tries to affect you, but you resist.
You hit something. Something hits you but does no damage.
You barely miss something. You block something's attack.
Unknown command.
You hit something. Something hits you.
You barely miss something. Something hits you but does no damage.
You barely miss something. Something hits you!
You die...

###.#(## ≈.....≈
#(####.≈.⌠.⌠...
#(.....≈..∩..._. *
####
#.#####≈.⌠.⌠....
.....#)##
#≈.....≈≈ , *
#....## #≈≈≈≈≈≈≈.
*
#..#..###.....####
#......{..........
#.###.@##.....##*
#. #..##.....# **
#. #..###†..#...#
#. *#..#
##.#.....# , #..#
#.. ..... * #..#
#.>.,.... ,#..#
#.... ... , #..#*
#.#...,.# ,* ....,
.@#.... #


There were no monsters in sight!

Vanquished Creatures
  An adder (D:2)
  A dart slug (D:1)
  A ball python (D:1)
  4 bats (D:1)
  8 goblins
  3 hobgoblins (D:1)
  4 jackals (D:1)
  A frilled lizard (D:2)
  4 kobolds (D:1)
  4 rats (D:1)
31 creatures vanquished.

Notes
Turn   | Place    | Note
-------+----------+-------------------------------------------
     0 | D:1      | Mitsuki the Deep Dwarf Fighter began the quest for the Orb.
     0 | D:1      | Reached XP level 1. HP: 20/20 MP: 1/1
    57 | D:1      | Reached XP level 2. HP: 21/27 MP: 2/2
   278 | D:1      | Reached XP level 3. HP: 20/34 MP: 3/3
   506 | D:2      | Found Gozag's Platinum Reserve.
   507 | D:2      | Found an opulent altar of Gozag.
   514 | D:2      | Reached skill level 4 in Armour
   515 | D:2      | Noticed Sigmund
   546 | D:2      | Slain by Sigmund

Skill      XL: |  1  2  3 |
---------------+----------+-----
Fighting       | 3 |  3.0
Armour         | 4 |  4.0
Axes           | |  2.9
Shields        | |  3.7

Action                   || total
-------------------------++-------
Melee: War axe           ||   112
Armor: Scale mail        ||    64
Dodge: Dodged            ||    28
Block: Shield            ||    57
